 Dungeon Crawl Stone Soup version 0.29.1-1-gd02db6906a (webtiles) character file.

Game seed: 13355468873146716081

756 hawla the Thaumaturge (level 8, -3/59 HPs)
             Began as a Meteoran Earth Elementalist on Oct 12, 2022.
             Was a Believer of Jiyva.
             Slain by fireball365's ghost (24 damage)
             ... on level 5 of the Dungeon.
             The game lasted 00:14:16 (2120 turns).

hawla the Thaumaturge (Meteoran Earth Elementalist) Turns: 2120, Time: 00:14:17

Health: -3/59      AC:  3    Str: 10    XL:     8   Next: 28%
Magic:  13/21      EV: 13    Int: 18    God:    Jiyva [**....]
Gold:   82         SH:  0    Dex: 15    Spells: 19/23 levels left

rFire   + + .      SeeInvis .   d - +1 flail
rCold   + + +      Faith    .   (no shield)
rNeg    . . .      Spirit   .   t - +0 robe "Ywnuveth" {Fly rF++ rC++}
rPois   .          Reflect  .   (no helmet)
rElec   .          Harm     .   (no cloak)
rCorr   +          Rampage  .   (no gloves)
Will    +....      Clarity  +   j - +0 pair of boots
Stlth   +.........              g - amulet of the acrobat
HPRegen 1.15/turn               (no ring)
MPRegen 0.47/turn               (no ring)

@: flying, glowing
A: sense surroundings 1, otherworldly, glowing, explore regen, claws 1, clarity,
cold resistance 1
a: Renounce Religion


You were on level 5 of the Dungeon.
You worshipped Jiyva.
Jiyva was pleased with you.
You visited 1 branch of the dungeon, and saw 5 of its levels.
You also visited: Sewer.

You collected 121 gold pieces.
You spent 39 gold pieces at shops.

Inventory:

Hand Weapons
 d - a +1 flail (weapon)
Armour
 j - a +0 pair of boots (worn)
 t - the +0 robe "Ywnuveth" (worn) {Fly rF++ rC++}
   (You found it on level 5 of the Dungeon)

   rF:        It greatly protects you from fire.
   rC:        It greatly protects you from cold.
   Fly:       It grants you flight.
Jewellery
 g - an amulet of the acrobat (around neck)
Wands
 p - a wand of roots (4) (quivered)
Scrolls
 c - 2 scrolls of teleportation {unknown}
 f - a scroll of fog
 h - a scroll of noise
 i - a scroll of identify
 n - 3 scrolls of blinking
Potions
 b - a potion of magic
 e - 2 potions of resistance {unknown}
 k - a potion of might {unknown}
 l - 2 potions of cancellation {unknown}
 m - a potion of heal wounds {unknown}
 o - a potion of haste
 q - a potion of curing
 r - a potion of flight {unknown}
 s - a potion of brilliance {unknown}


   Skills:
 + Level 1.6 Fighting
 + Level 3.4 Dodging
 - Level 1.4 Stealth
 + Level 8.0 Spellcasting
 + Level 1.1 Conjurations
 + Level 1.2 Transmutations
 + Level 6.6 Earth Magic


You had 19 spell levels left.
You knew the following spells:

 Your Spells              Type           Power      Damage    Failure   Level
a - Sandblast             Erth           60%        2d14      1%          1
b - Stone Arrow           Conj/Erth      42%        3d9       6%          3

Your spell library contained the following spells:

 Spells                   Type           Power      Damage    Failure   Level
 Passwall                 Tmut/Erth      17%        N/A       3%          2
 Petrify                  Tmut/Erth      21%        N/A       19%         4
 Conjure Ball Lightning   Conj/Air       4%         3x3d6     100%        6
 Discord                  Hex            3%         N/A       100%        8
 Disjunction              Tloc           3%         N/A       100%        8


Dungeon Overview and Level Annotations

Branches:
Dungeon (5/15) Zot: 1042   Temple (0/1) D:5           Sewer (visited)

Altars:
Vehumet
Wu Jian

Shops:
D:4 !   D:5 ([*(

Annotations:
D:5 fireball365's ghost, novice MiFi


Innate Abilities, Weirdness & Mutations

You passively map a small area around you.
You are easily found by Zot.
You glow in the dark.
You regain HP and MP as you explore.
You have sharp fingernails.
You possess an exceptional clarity of mind.
Your flesh is cold resistant. (rC+)


Message History

The stone arrow hits the orc warrior!!
The orc warrior is severely wounded.
The orc warrior unwields the +5 shortbow "Dorenem" {flame, rN+ Dex+3}.
It stops flaming.
The orc warrior wields a +0 scimitar.
The orc warrior hits you with a +0 scimitar!
Casting: Stone Arrow (dangerous; 6% risk of failure)
Confirm with . or Enter, or press ? or * to list all spells.
Aiming: Sandblast (safe; 1% risk of failure)
Press: ? - help, Shift-Dir - straight line, f/p - orc warrior
Aim: an orc warrior, wielding a +0 scimitar and wearing a +0 plate armour (severely wounded, fast, 84% to hit)
The blast of sand hits the orc warrior but does no damage.
The orc warrior is severely wounded.
The orc warrior hits you with a +0 scimitar!
The orc warrior completely misses you. The orc warrior misses you.
Casting: Sandblast (safe; 1% risk of failure)
Confirm with . or Enter, or press ? or * to list all spells.
Aiming: Sandblast (safe; 1% risk of failure)
Press: ? - help, Shift-Dir - straight line, f/p - orc warrior
Aim: an orc warrior, wielding a +0 scimitar and wearing a +0 plate armour (severely wounded, fast, 84% to hit)
The blast of sand hits the orc warrior but does no damage.
The orc warrior is severely wounded.
The orc warrior completely misses you.
The orc warrior hits you with a +0 scimitar.
Casting: Sandblast (safe; 1% risk of failure)
Confirm with . or Enter, or press ? or * to list all spells.
Aiming: Stone Arrow (dangerous; 6% risk of failure)
Press: ? - help, Shift-Dir - straight line, f - fireball365's ghost, p - orc warrior
Aim: fireball365's ghost (black smoke, 71% to hit)
The stone arrow hits the orc warrior.
The orc warrior is almost dead.
The orc warrior hits you with a +0 scimitar!
Casting: Stone Arrow (dangerous; 6% risk of failure)
Confirm with . or Enter, or press ? or * to list all spells.
Aiming: Sandblast (safe; 1% risk of failure)
Press: ? - help, Shift-Dir - straight line, f - orc warrior, p - fireball365's ghost
Aim: an orc warrior, wielding a +0 scimitar and wearing a +0 plate armour (almost dead, fast, 84% to hit)
The blast of sand hits the orc warrior!
You kill the orc warrior!
Fireball365's ghost hits you!!
You die...

'#####.##...#############.#
....##.#.....# #.#
....##.#.#...# #.#
....##.#.....# ####.#
.............##### #....#
'#'###.......#...###*#..###
.#.#.#.##....#...#§§ #..#
...#.####..J.#...W§§,#..#
...#...#*....#..@#§§ #..#
.......#*....#...#####..#
#J...#.#*#####..........#
##'###.# #####...#+###
.....########..........#
.....#.....##..........#
.....#.###.##..........#
..>..'.....#..........J#
.....#<.##.............#


You could see fireball365's ghost and a neutral jelly (wandering) (fellow
slime).

Vanquished Creatures
  2 water moccasins (D:5)
  An orc warrior (D:5)
  4 jellies (Sewer)
  2 iguanas
  Natasha (thrice) (D:2)
  An orc wizard (D:5)
  6 gnolls
  7 adders
  6 river rats
  A white imp (D:5)
  A dart slug (D:1)
  4 orcs
  14 endoplasms
  6 giant cockroaches
  5 hobgoblins
  2 jackals (D:2)
  2 kobolds
  3 quokkas
  7 ball pythons
  8 bats
  8 frilled lizards
  6 goblins
  17 rats
116 creatures vanquished.

Vanquished Creatures (others)
  A scorpion (D:5)
  A jelly (D:5)
  A hound (D:5)
  An orc priest (D:5)
  3 orcs (D:5)
  2 plants (D:4)
9 creatures vanquished.

Grand Total: 125 creatures vanquished

Notes
Turn   | Place    | Note
-------+----------+-------------------------------------------
     0 | D:1      | hawla the Meteoran Earth Elementalist began the quest for
                  | the Orb.
     0 | D:1      | Reached XP level 1. HP: 14/14 MP: 5/5
    86 | D:1      | Reached XP level 2. HP: 18/20 MP: 2/6
    93 | D:1      | Reached skill level 3 in Spellcasting
   131 | D:1      | Reached XP level 3. HP: 19/26 MP: 3/8
   189 | D:1      | Found a faded altar of an unknown god.
   291 | D:1      | Reached XP level 4. HP: 33/33 MP: 4/10
   476 | D:1      | Glimpsed the power of Zot.
   498 | D:2      | Reached skill level 4 in Spellcasting
   713 | D:2      | Noticed Natasha
   716 | D:2      | Killed Natasha
   717 | D:2      | Reached XP level 5. HP: 38/38 MP: 11/13
   909 | D:2      | Noticed Natasha
   915 | D:2      | Killed Natasha
   916 | D:2      | Reached skill level 5 in Spellcasting
   916 | D:2      | Noticed Natasha
   922 | D:2      | Killed Natasha
  1053 | D:2      | Learned a level 3 spell: Stone Arrow
  1061 | D:3      | Reached XP level 6. HP: 45/45 MP: 0/15
  1112 | D:3      | Found an ornate altar of the Wu Jian Council.
  1119 | D:3      | Reached skill level 5 in Earth Magic
  1228 | D:4      | Reached skill level 6 in Spellcasting
  1321 | D:4      | Found a glowing drain.
  1327 | Sewer    | Entered a sewer
  1368 | Sewer    | Reached skill level 1 in Fighting
  1383 | Sewer    | Reached XP level 7. HP: 50/52 MP: 9/17
  1461 | Sewer    | Reached skill level 7 in Spellcasting
  1465 | Sewer    | Found a viscous altar of Jiyva.
  1485 | Sewer    | Became a worshipper of Jiyva Jeifeise the Shapeless
  1639 | D:4      | Found Baopp's Distillery.
  1639 | D:4      | You fall into a shaft and drop 1 floor!
  1639 | D:5      | Entered Level 5 of the Dungeon
  1641 | D:5      | Found Paviemuw's General Store.
  1646 | D:5      | Found Niumn's Weapon Boutique.
  1649 | D:5      | Bought a potion of curing for 39 gold pieces
  1666 | D:5      | Found a staircase to the Ecumenical Temple.
  1673 | D:5      | Noticed a water moccasin
  1676 | D:5      | Killed a water moccasin
  1698 | D:5      | Gained mutation: You have sharp fingernails. [potion of
                  | mutation]
  1698 | D:5      | Gained mutation: Your flesh is cold resistant. (rC+)
                  | [potion of mutation]
  1698 | D:5      | Gained mutation: You possess an exceptional clarity of
                  | mind. [potion of mutation]
  1704 | D:5      | Reached XP level 8. HP: 55/59 MP: 18/20
  1832 | D:5      | Found Pagies's Armour Shop.
  1834 | D:5      | Reached * piety under Jiyva
  1878 | D:5      | Found Yblulles's Weapon Shoppe.
  1882 | D:5      | Reached skill level 1 in Conjurations
  1899 | D:5      | Identified the +0 robe "Ywnuveth" {Fly rF++ rC++}
  1977 | D:5      | Found a radiant altar of Vehumet.
  2035 | D:5      | Reached ** piety under Jiyva
  2065 | D:5      | Reached skill level 8 in Spellcasting
  2111 | D:5      | Found a runed translucent door.
  2111 | D:5      | Noticed fireball365's ghost (novice MiFi)
  2112 | D:5      | Identified the +5 shortbow "Dorenem" {flame, rN+ Dex+3}
  2120 | D:5      | Slain by fireball365's ghost

Illustrated notes

Levels and vault maps discovered:
D:1:      dpeg_arrival_subterranean_lakeside_camping, layout_basic,
          serial_aquarium, aquarium_bridge_straight [aquarium_subvault_bridge,
          aquarium_subvault_wall, aquarium_subvault_bridge,
          aquarium_subvault_balcony], aquarium_bridge_square
          [aquarium_subvault_window, aquarium_subvault_wall,
          aquarium_subvault_wall, aquarium_subvault_bridge],
          aquarium_window_corridor_3, aquarium_window_corner, aquarium_window_2,
          aquarium_view_4, basic_ecumenical_altar, minmay_vboxes
D:2:      layout_basic, uniq_natasha
D:3:      layout_loops_cross, mainiacjoe_overflow_small_starburst,
          minmay_distorted, uniq_crazy_yiuf_cottage
D:4:      layout_cave_pools, nicolae_overflow_squiral,
          mainiacjoe_overflow_cross_hatched, portal_sewer_entry_e, serial_shops,
          nicolae_shop_hallway_plus, kennysheep_big_empty_room, corexii_shack,
          grunt_decor_clamped
D:5:      layout_basic, vehumet_statue, temple_green, ebering_ghost_inner_flame,
          serial_shops, shop, nicolae_shop_advertising_works
          [nicolae_subvault_shop_adworks],
          nicolae_shop_temple_entry_statues_fountains,
          nicolae_shop_bloodbath_and_beyond

Skill      XL: |  1  2  3  4  5  6  7  8 |
---------------+-------------------------+-----
Spellcasting   | 3 4 5 6 7 8 |  8.0
Earth Magic    | 4 5 6 |  6.6
Dodging        | 3 |  3.4
Fighting       | 1 |  1.6
Conjurations   | 1 |  1.1
Stealth        | |  1.4
Transmutations | |  1.2

Action                   |  1- 3 |  4- 6 |  7- 9 || total
-------------------------+-------+-------+-------++-------
Melee: Unarmed           |    11 |       |       ||    11
       Flail             |       |     8 |       ||     8
 Cast: Sandblast         |    38 |    71 |    50 ||   159
       Stone Arrow       |       |    13 |    10 ||    23
  Use: Scroll            |       |     8 |       ||     8
       Potion            |       |       |     1 ||     1
Armor: Robe              |    20 |    21 |    10 ||    51
Dodge: Dodged            |    26 |    43 |    24 ||    93
